 Dungeon Crawl Stone Soup version 0.28-a0-1199-gef9e1dbd39 (webtiles) character file.

Game seed: 5990641193178704172

16 ChaosChampion the Ruffian (level 2, 0/23 HPs)
             Began as a Draconian Transmuter on Dec 19, 2021.
             Frozen to death by an endoplasm (1 damage)
             ... on level 1 of the Dungeon.
             The game lasted 00:00:32 (601 turns).

ChaosChampion the Ruffian (Draconian Transmuter)     Turns: 601, Time: 00:00:33

Health: 0/23       AC:  4    Str: 12    XL:     2   Next: 37%
Magic:  5/5        EV: 12    Int: 13    God:
Gold:   65         SH:  0    Dex: 11    Spells: 4/5 levels left

rFire   . . .      SeeInvis .     - Unarmed
rCold   . . .      Faith    .   (no shield)
rNeg    . . .      Spirit   .   (armour unavailable)
rPois   .          Reflect  .   (helmet restricted)
rElec   .          Harm     .   (no cloak)
rCorr   .          Rampage  .   (no gloves)
Will    .....                   (no boots)
Stlth   +.........              (no amulet)
HPRegen 0.07/turn               d - ring of flight
MPRegen 0.09/turn               (no ring)

@: flying, slowed, very slow
A: AC +4, unfitting armour, cold-blooded
a: no special abilities


You were on level 1 of the Dungeon.
You visited 1 branch of the dungeon, and saw 1 of its levels.

You collected 65 gold pieces.

Inventory:

Armour
 b - a +2 pair of gloves
Jewellery
 d - a ring of flight (left hand)
Scrolls
 a - a scroll of amnesia {unknown}
 c - a scroll of identify {unknown}


   Skills:
 + Level 1.6 Fighting
 + Level 2.0 Dodging
 * Level 3.4 Unarmed Combat
 - Level 2.0 Spellcasting
 - Level 2.0 Transmutations


You had 4 spell levels left.
You knew the following spells:

 Your Spells              Type           Power      Damage    Failure   Level
a - Beastly Appendage     Tmut           12%        N/A       11%         1

Your spell library contained the following spells:

 Spells                   Type           Power      Damage    Failure   Level
 Wereblood                Tmut           6%         N/A       17%         2
 Spider Form              Tmut/Pois      3%         N/A       45%         3
 Inner Flame              Hex/Fire       1%         N/A       58%         3
 Ice Form                 Ice/Tmut       3%         N/A       86%         4
 Cause Fear               Hex            0%         N/A       94%         4
 Discord                  Hex            0%         N/A       100%        8


Dungeon Overview and Level Annotations

Branches:
Dungeon (1/15)

Altars:


Innate Abilities, Weirdness & Mutations

Your plain brown scales are hard. (AC +4)
You cannot fit into any form of body armour.
You are cold-blooded and may be slowed by cold attacks.


Message History

The jackal closely misses you.
You hit the jackal but do no damage.
Your tail-slap misses the jackal.
The jackal bites you but does no damage.
The jackal barely misses you.
The endoplasm jiggles.
You barely miss the jackal. The jackal closely misses you.
The jackal misses you.
The jackal bites you but does no damage. x2
The jackal closely misses you. The endoplasm completely misses you.
The jackal barely misses you. The jackal completely misses you.
The jackal closely misses you.
The jackal bites you but does no damage.
The jackal barely misses you.
You hit the endoplasm.
The endoplasm is heavily wounded.
The jackal closely misses you. The jackal barely misses you.
The endoplasm hits you but does no damage.
The jackal bites you.
You hit the jackal.
You kill the jackal!
The jackal bites you.
* * * LOW HITPOINT WARNING * * *
The endoplasm hits you but does no damage.
You miss the jackal.
Your tail-slap misses the jackal.
The jackal barely misses you. The endoplasm freezes you.
You are frozen.
* * * LOW HITPOINT WARNING * * *
You feel yourself slow down.
You barely miss the jackal. The jackal closely misses you.
The endoplasm freezes you.
You are frozen.
* * * LOW HITPOINT WARNING * * *
You feel as though you will be slow longer.
The jackal barely misses you.
You barely miss the jackal.
The jackal bites you but does no damage.
The endoplasm freezes you.
You are frozen.
You die...

#.#. #. ....# #. ....# #.
#...#### #. #...... #.
'....# #. #....# .# #.
#####+##hJ..# .# #.
#......@Jh..# .# #.
#......†###+######.####.
#......................#
#.............(...####.#
#.[...............####.#
#.................'....#
###.................######
+........................#
#######.##.≈≈≈≈.≈≈≈≈≈..#.#


You could see 2 endoplasms and 2 jackals.

Vanquished Creatures
  A dart slug (D:1)
  2 ball pythons (D:1)
  A bat (D:1)
  2 hobgoblins (D:1)
  2 jackals (D:1)
  A quokka (D:1)
  A frilled lizard (D:1)
  2 rats (D:1)
12 creatures vanquished.

Notes
Turn   | Place    | Note
-------+----------+-------------------------------------------
     0 | D:1      | ChaosChampion the Draconian Transmuter began the quest for
                  | the Orb.
     0 | D:1      | Reached XP level 1. HP: 16/16 MP: 3/3
   422 | D:1      | Reached XP level 2. HP: 12/23 MP: 3/5
   600 | D:1      | HP: 1/23 [frozen (2)]
   601 | D:1      | Frozen to death by an endoplasm

Illustrated notes

Levels and vault maps discovered:
D:1:      dpeg_cavernosity, layout_basic, minivault_23, minivault_14,
          glass_columns_a, minmay_tromino_i2

Skill      XL: |  1 |
---------------+----+-----
Dodging        | 2 |  2.0
Fighting       | |  1.6
Unarmed Combat | |  3.4
Spellcasting   | |  2.0
Transmutations | |  2.0

Action                   || total
-------------------------++-------
Melee: Unarmed           ||    44
       Kick              ||     3
       Tailslap          ||     6
 Cast: Beastly Appendage ||     5
Armor: Skin              ||    20
Dodge: Dodged            ||    62

Table legend: (Time is in decaauts)
 A = Elapsed time spent in this place.
 B = Non-inter-level travel time spent in this place.
 C = Inter-level travel time spent in this place.
 D = Time resting spent in this place.
 E = Time spent auto-exploring this place.
 F = Levels seen in this place.
 G = Mean time per level.
                   A        B        C        D        E       F      G
               +--------+--------+--------+--------+--------+-----+--------+
         Total |    599 |    599 |      0 |      0 |    489 |   1 |  599.0 |
       Dungeon |    599 |    599 |      0 |      0 |    489 |   1 |  599.0 |
               +--------+--------+--------+--------+--------+-----+--------+

Top non-repeatable levels by time:
     D:1: 599 daAuts
